 Dungeon Crawl Stone Soup version 0.28-a0-1396-gdcb3f3653b (webtiles) character file.

Game seed: 10180305149782937319

390 KyoPewz the Skirmisher (level 6, -8/67 HPs)
             Began as an Ogre Cinder Acolyte on Jan 5, 2022.
             Was a High Priest of Ignis.
             Mangled by an ogre (31 damage)
             ... on level 4 of the Dungeon.
             The game lasted 00:16:04 (6356 turns).

KyoPewz the Skirmisher (Ogre Cinder Acolyte)        Turns: 6356, Time: 00:16:04

Health: -8/67      AC:  3    Str: 19    XL:     6   Next: 80%
Magic:  1/10       EV:  9    Int: 23    God:    Ignis [*****.]
Gold:   140        SH:  5    Dex:  4    Spells: 3/11 levels left

rFire   + . .      SeeInvis .   a - -1 mace (flame) {mace}
rCold   + . .      Faith    .   (no shield)
rNeg    . . .      Spirit   .   b - +0 robe
rPois   .          Reflect  +   (helmet restricted)
rElec   .          Harm     .   (no cloak)
rCorr   .          Rampage  .   (gloves unavailable)
Will    .....                   (boots unavailable)
Stlth   +.........              m - amulet of reflection
HPRegen 0.21/turn               g - +6 ring of intelligence
MPRegen 0.12/turn               q - ring of protection from cold

@: studying Slings
A: large, unfitting armour, tough skin 1
a: Renounce Religion, Fiery Armour, Foxfire Swarm, Rising Flame


You were on level 4 of the Dungeon.
You worshipped Ignis.
Ignis was extremely pleased with you.
You visited 1 branch of the dungeon, and saw 4 of its levels.

You collected 140 gold pieces.


Innate Abilities, Weirdness & Mutations

You are too large for most types of armour.
You have tough skin. (AC +1)


   Skills:
 + Level 6.1 Fighting
 + Level 4.1 Maces & Flails
 - Level 3.0 Spellcasting
 - Level 4.0 Fire Magic
 + Level 1.4 Poison Magic


You had 3 spell levels left.
You knew the following spells:

 Your Spells              Type           Power      Damage    Failure   Level
a - Scorch                Fire           42%        2d7       3%          2
b - Sting                 Tmut/Pois      24%        1d4       9%          1
c - Poisonous Vapours     Pois/Air       12%        N/A       13%         2
d - Teleport Other        Tloc           3%         N/A       34%         3

Your spell library contained the following spells:

 Spells                   Type           Power      Damage    Failure   Level
 Corpse Rot               Necr/Air       6%         N/A       17%         2
 Gell's Gravitas          Tloc           3%         N/A       34%         3
 Lesser Beckoning         Tloc           3%         N/A       34%         3
 Olgreb's Toxic Radiance  Pois           10%        N/A       54%         4
 Petrify                  Tmut/Erth      3%         N/A       75%         4
 Metabolic Englaciation   Hex/Ice        1%         N/A       97%         5
 Statue Form              Tmut/Erth      2%         N/A       100%        6

Inventory:

Hand Weapons
 a - a -1 mace of flaming (weapon) {mace}
 k - a +0 short sword of venom {short}
   (You took it off a kobold on level 2 of the Dungeon)
Missiles
 c - 70 arrows
 i - 15 sling bullets
 j - 88 stones {throwing}
 s - 3 datura-tipped darts {throwing}
 w - a throwing net {=f!fthrowing}
Armour
 b - a +0 robe (worn)
Jewellery
 g - a +6 ring of intelligence (left hand)
   (You found it on level 1 of the Dungeon)
 m - an amulet of reflection (around neck)
   (You found it on level 2 of the Dungeon)
 q - a ring of protection from cold (right hand)
   (You found it on level 2 of the Dungeon)
Scrolls
 d - a scroll of teleportation {@r4}
 e - a scroll of vulnerability {unknown}
 f - a scroll of brand weapon {unknown}
 n - a scroll of enchant armour {unknown}
 r - a scroll of fog {unknown}
 t - a scroll of amnesia {unknown}
 u - a scroll of summoning {unknown}
 v - a scroll of magic mapping {unknown}
Potions
 h - a potion of might
 l - 2 potions of mutation {!q}
 o - a potion of ambrosia
 p - 2 potions of curing {@q1}

Dungeon Overview and Level Annotations

Branches:
Dungeon (4/15)             Temple (0/1) D:4

Altars:

#+# ... #.# g? #.# ..
#.# . #.# #.#@#
#.#O#######
#.........#
+.........#
#.........#
+.........#
#....###'###.#######
#....#.....#.......#
#..##..#.....#.......#


You could see an ogre (combustible).


Message History

😮 HP[-3]
You take 3 damage, and now have 38/67 hp.
You hit the gnoll but do no damage. The gnoll hits you with a +0 club.
You block the gnoll's attack. 😮 HP[-3]
You take 3 damage, and now have 35/67 hp.
You sock the gnoll! You burn the gnoll.
You kill the gnoll!
w - a throwing net {=f!fthrowing}
Things that are here:
a +0 club {mace}; a +0 spear {polearm}; a gnoll corpse 😮 HP[+1]
You start resting. 😎 HP[+31]
Your hp is fully restored (67).
You start waiting.
Done waiting.
Found a staircase to the Ecumenical Temple.
You open the door.
There is an open door here.
You open the door.
There is an open door here.
A kobold comes into view. It is wielding a +0 dagger.
The kobold shouts!
You completely miss the kobold.
The kobold hits you with a +0 dagger. 😕 HP[-1]
You take 1 damage, and now have 66/67 hp.
You sock the kobold! You burn the kobold.
You kill the kobold!
No target in view! 😎 HP[+1]
Your hp is fully restored (67).
You now have 140 gold pieces (gained 7).
There is an open door here.
A gnoll comes into view. It is wielding a +0 whip.
The gnoll shouts!
You open the door.
A goblin comes into view. It is wielding a +0 dagger.
There is an open door here.
You barely miss the goblin. You block the goblin's attack. x2
You closely miss the goblin. The goblin hits you but does no damage.
You hit the goblin. You burn the goblin. The goblin barely misses you.
You block the gnoll's attack.
You barely miss the goblin. You block the goblin's attack.
You block the gnoll's attack.
You closely miss the goblin. You block the goblin's attack.
The gnoll hits you with a +0 whip! 😕 HP[-7]
You take 7 damage, and now have 60/67 hp.
You hit the goblin but do no damage. The goblin hits you but does no damage.
The gnoll barely misses you. The goblin hits you but does no damage.
You barely miss the goblin. The gnoll barely misses you.
The goblin hits you with a +0 dagger. 😕 HP[-1]
You take 1 damage, and now have 59/67 hp.
You closely miss the goblin. You block the gnoll's attack.
The goblin closely misses you. The gnoll barely misses you. 😕 HP[+1]
You hit the goblin. You burn the goblin.
You kill the goblin!
You block the gnoll's attack.
Unknown command.
You see here a +0 dagger {short}.
Flames lash the gnoll.
The gnoll's fire resistance burns away.
You hear a shout!
The gnoll barely misses you. 😕 MP[-2]
You lost 2 mp, and now have 8/10 mp.
Flames lash the gnoll.
The gnoll is burned terribly!
You hear a shout!
The gnoll barely misses you.
You hear a shout! 😕 HP[+1] MP[-2]
You lost 2 mp, and now have 6/10 mp.
Flames lash the gnoll.
The gnoll is burned terribly!
You kill the gnoll! 😕 MP[-2]
You lost 2 mp, and now have 4/10 mp.
Flames lash the ogre.
The ogre's fire resistance burns away.
The ogre hits you with a +0 giant club!! 😮 HP[-21] MP[-2]
You take 21 damage, and now have 40/67 hp.
MASSIVE DAMAGE!! (PAUSE)
You lost 2 mp, and now have 2/10 mp.
You are too injured to fight recklessly!
You hit the ogre. You burn the ogre. You block the ogre's attack.
Casting: Scorch (safe; 3% risk of failure)
Confirm with . or Enter, or press ? or * to list all spells.
Flames lash the ogre.
The ogre is burned terribly! 😮 MP[-2]
You lost 2 mp, and now have 0/10 mp.
You hit the ogre. You burn the ogre.
The ogre hits you with a +0 giant club!!
* * * LOW HITPOINT WARNING * * *
😨 HP[-17]
You take 17 damage, and now have 23/67 hp.
MASSIVE DAMAGE!! (PAUSE)
You barely miss the ogre.
The ogre hits you with a +0 giant club!!
You die...

Skill      XL: |  1  2  3  4  5  6 |
---------------+-------------------+-----
Maces & Flails | 3 4 |  4.1
Fire Magic     | 3 4 |  4.0
Fighting       | 5 6 |  6.1
Spellcasting   | 2 3 |  3.0
Poison Magic   | 1 |  1.4

Action                   |  1- 3 |  4- 6 || total
-------------------------+-------+-------++-------
Melee: Mace              |    94 |   142 ||   236
 Cast: Scorch            |     4 |    32 ||    36
  Use: Scroll            |     1 |     4 ||     5
Armor: Robe              |    18 |    38 ||    56
Dodge: Dodged            |    47 |    77 ||   124
Block: Other             |     1 |    42 ||    43
       Reflection        |       |     1 ||     1

Levels and vault maps discovered:
D:1:      scummos_arrival_simple_fountains, layout_loops_ring
D:2:      minmay_alternating_diamond, layout_loops_corners
D:3:      layout_rooms, minmay_misc_feat_ornament, uniq_natasha
D:4:      layout_basic, temple_green, minmay_pentomino_pile

Notes
Turn   | Place    | Note
-------+----------+-------------------------------------------
     0 | D:1      | KyoPewz the Ogre Cinder Acolyte began the quest for the
                  | Orb.
     0 | D:1      | Reached XP level 1. HP: 24/24 MP: 2/2
     0 | D:1      | magus.rc [v1.9.6]
  2278 | D:1      | Reached XP level 2. HP: 19/32 MP: 3/3
  2485 | D:1      | Learned a level 2 spell: Scorch
  2620 | D:1      | Reached skill level 3 in Maces & Flails
  2621 | D:1      | Reached skill level 3 in Fire Magic
  2770 | D:1      | Reached XP level 3. HP: 37/40 MP: 3/5
  2913 | D:1      | You pick up a book of Sloth and begin reading...
  2913 | D:1      | You add the spells Petrify, Metabolic Englaciation and
                  | Statue Form to your library.
  3332 | D:2      | You pick up a book of Displacement and begin reading...
  3332 | D:2      | You add the spells Lesser Beckoning, Gell's Gravitas and
                  | Teleport Other to your library.
  3714 | D:2      | Noticed a phantom
  3723 | D:2      | Killed a phantom
  3724 | D:2      | Reached skill level 5 in Fighting
  3724 | D:2      | Reached skill level 2 in Spellcasting
  3724 | D:2      | Reached XP level 4. HP: 41/50 MP: 1/7
  3724 | D:2      | Reached XP level 5. HP: 46/57 MP: 1/8
  4020 | D:2      | You pick up a book of Vapours and begin reading...
  4020 | D:2      | You add the spells Poisonous Vapours and Corpse Rot to your
                  | library.
  4758 | D:3      | Noticed Natasha
  4782 | D:3      | Killed Natasha
  4976 | D:3      | You add the spells Sting and Olgreb's Toxic Radiance to
                  | your library.
  4980 | D:3      | Learned a level 1 spell: Sting
  4983 | D:3      | Learned a level 2 spell: Poisonous Vapours
  4987 | D:3      | Learned a level 3 spell: Teleport Other
  5332 | D:4      | Reached XP level 6. HP: 48/66 MP: 10/10
  5343 | D:4      | Reached skill level 3 in Spellcasting
  5351 | D:3      | HP: 16/66 [iguana (1)]
  5838 | D:3      | Reached skill level 6 in Fighting
  5838 | D:3      | Reached skill level 4 in Maces & Flails
  5838 | D:3      | Reached skill level 4 in Fire Magic
  5838 | D:3      | Reached skill level 1 in Poison Magic
  6299 | D:4      | Found a staircase to the Ecumenical Temple.
  6356 | D:4      | Mangled by an ogre

Vanquished Creatures
  A phantom (D:2)
  A jelly (D:3)
  A howler monkey (D:4)
  2 iguanas (D:3)
  Natasha (D:3)
  5 gnolls
  2 adders
  2 worms (D:3)
  2 dart slugs (D:1)
  7 ball pythons
  6 endoplasms
  5 giant cockroaches
  8 goblins
  5 hobgoblins
  3 quokkas
  5 bats
  6 frilled lizards
  12 kobolds
  5 rats
79 creatures vanquished.

Table legend:
 A = Non-vault XP
 B = Vault XP
 C = Vault XP percentage of total XP
 D = Non-vault monster count
 E = Vault monster count
 F = Vault count percentage of total count
                 A         B        C        D         E       F
            +---------+---------+-------+---------+---------+-------
      Total |     460 |      98 |  17.6 |      72 |       7 |   8.9
            +---------+---------+-------+---------+---------+-------
        D:1 |      52 |       0 |   0.0 |      23 |       0 |   0.0
        D:2 |     134 |       3 |   2.2 |      18 |       2 |  10.0
        D:3 |     192 |      35 |  15.4 |      21 |       1 |   4.5
        D:4 |      82 |      60 |  42.3 |      10 |       4 |  28.6
            +---------+---------+-------+---------+---------+-------

Illustrated notes

Table legend:
 A = Kills in this place as a percentage of kills in entire the game.
 B = Kills by you in this place as a percentage of kills by you in the entire game.
 C = Kills by friends in this place as a percentage of kills by friends in the entire game.
 D = Other kills in this place as a percentage of other kills in the entire game.
 E = Experience gained in this place as a percentage of experience gained in the entire game.
 F = Experience gained in this place divided by the number of levels of this place that you have seen.
                   A       B       C       D       E      F
               +-------+-------+-------+-------+-------+----------------------
         Total | 100.0 | 100.0 |   N/A |   N/A | 100.0 | 139.5
       Dungeon | 100.0 | 100.0 |   N/A |   N/A | 100.0 | 139.5
               +-------+-------+-------+-------+-------+----------------------

Table legend: (Time is in decaauts)
 A = Elapsed time spent in this place.
 B = Non-inter-level travel time spent in this place.
 C = Inter-level travel time spent in this place.
 D = Time resting spent in this place.
 E = Time spent auto-exploring this place.
 F = Levels seen in this place.
 G = Mean time per level.
                   A        B        C        D        E       F      G
               +--------+--------+--------+--------+--------+-----+--------+
         Total |   6415 |   6214 |    201 |   3213 |   2156 |   4 | 1603.8 |
       Dungeon |   6415 |   6214 |    201 |   3213 |   2156 |   4 | 1603.8 |
               +--------+--------+--------+--------+--------+-----+--------+

Top non-repeatable levels by time:
     D:1: 3085 daAuts
     D:2: 1417 daAuts
     D:3: 1319 daAuts
     D:4: 593 daAuts
